[Event "ICC tourney 2708 (25 5)"]
[Site "Internet Chess Club"]
[Date "2021.10.16"]
[Round "2"]
[White "GILLMAN, JONES:JonesGill"]
[Black "KALAVAKURU, SRI DIYA:dkalavakuru"]
[Result "0-1"]
[ICCResult "White checkmated"]
[WhiteElo "1427"]
[BlackElo "892"]
[Opening "Scotch gambit: Dubois-Réti defense"]
[ECO "C55"]
[NIC "KP.02"]
[Time "12:30:16"]
[TimeControl "1500+5"]

1. e4 e5 2. Nf3 Nc6 3. d4 exd4 4. Bc4 Nf6 5. e5 Bb4+ 6. c3 dxc3 7. bxc3 Bc5
8. exf6 Qxf6 9. O-O O-O 10. Bg5 Qg6 11. Bd3 Qe6 12. Re1 Qd6 13. Be7 Nxe7 14.
Qc2 Ng6 15. Nbd2 b6 16. Ne4 Qc6 17. a4 a6 18. Rad1 d5 19. Ng3 Be6 20. c4
dxc4 21. Be4 Qe8 22. Bxa8 Qxa8 23. Ne4 Bg4 24. Nxc5 bxc5 25. Re3 Re8 26.
Rde1 Rxe3 27. Rxe3 Bxf3 28. Rxf3 Nh4 29. Rg3 Ng6 30. Qxc4 Qc6 31. Rf3 Ne5
32. Qh4 Nxf3+ 33. gxf3 Qg6+ 34. Kf1 Qb1+ 35. Kg2 Qg6+ 36. Kh3 Qe6+ 37. Kg3
Qd6+ 38. Kg2 h6 39. Qc4 Qg6+ 40. Kf1 Qb1+ 41. Kg2 Qg6+ 42. Kf1 Qb1+ 43. Ke2
Qb2+ 44. Ke3 Qe5+ 45. Kd2 Qd4+ 46. Qd3 Qxf2+ 47. Kc3 Qd4+ 48. Qxd4 cxd4+ 49.
Kxd4 f6 50. Kc5 Kf7 51. Kc6 g5 52. Kxc7 f5 53. Kb6 h5 54. Kxa6 g4 55. fxg4
fxg4 56. Kb6 h4 57. a5 g3 58. hxg3 h3 59. a6 h2 60. a7 h1=Q 61. Kc7 Qa8 62.
Kb6 Ke7 63. g4 Kd7 64. g5 Qc6+ 65. Ka5 Qb7 66. g6 Qxa7+ 67. Kb5 Qg1 68. g7
Qxg7 69. Ka6 Qc3 70. Kb5 Kc7 71. Ka4 Qb2 72. Ka5 Kc6 73. Ka4 Kc5 74. Ka5
Qb5# {White checkmated} 0-1

[Event "ICC tourney 2708 (25 5)"]
[Site "Internet Chess Club"]
[Date "2021.10.16"]
[Round "3"]
[White "NALAMALPU, ASHIKA REDDY:AshikaN"]
[Black "CAI, WILLIAM:LionsWilliamC"]
[Result "1-0"]
[ICCResult "Black checkmated"]
[WhiteElo "885"]
[BlackElo "540"]
[Opening "King's pawn game"]
[ECO "C50"]
[NIC "IG.03"]
[Time "14:00:18"]
[TimeControl "1500+5"]

1. e4 e5 2. Nf3 Nc6 3. Bc4 d5 4. exd5 e4 5. dxc6 exf3 6. Qxf3 Nf6 7. O-O Bc5
8. Re1+ Be6 9. Bxe6 fxe6 10. cxb7 Rb8 11. Nc3 Bd4 12. Rxe6+ Kf8 13. d3 Bxc3
14. bxc3 Qd7 15. Ba3+ Kf7 16. Rae1 Rbe8 17. Re7+ Rxe7 18. Rxe7+ Qxe7 19.
Bxe7 Kxe7 20. Qe3+ Kd7 21. Qxa7 Re8 22. h3 Re1+ 23. Kh2 Rb1 24. b8=Q Rxb8
25. Qxb8 Nd5 26. Qb5+ c6 27. Qb7+ Nc7 28. a4 Kd6 29. Qb8 Kd7 30. Qb7 Kd6 31.
a5 Kd7 32. a6 Kd6 33. a7 Kd7 34. a8=Q Kd6 35. Qd8+ Ke6 36. Qbxc7 Kf5 37.
Qf7+ Ke5 38. Qfe7+ Kf5 39. Qdf8+ Kg6 40. Qexg7+ Kh5 41. Qxh7+ Kg5 42. Qff5#
{Black checkmated}
1-0

[Event "ICC tourney 2708 (25 5)"]
[Site "Internet Chess Club"]
[Date "2021.10.16"]
[Round "3"]
[White "SCHEFF, HOLDEN:K05-30152348"]
[Black "BANERJEE, ARJUN:ARJUNCHESS05"]
[Result "0-1"]
[ICCResult "White checkmated"]
[WhiteElo "327"]
[BlackElo "813"]
[Opening "King's pawn game"]
[ECO "C50"]
[NIC "IG.03"]
[Time "14:00:26"]
[TimeControl "1500+5"]

1. e4 e5 2. Nf3 Nc6 3. Bc4 Bd6 4. Nc3 Nf6 5. d3 O-O 6. Be3 b6 7. O-O Bb4 8.
a3 Bxc3 9. bxc3 Na5 10. Rb1 Nxc4 11. dxc4 Nxe4 12. Qd3 Nd6 13. Nxe5 Qe7 14.
f4 f6 15. Rf3 fxe5 16. fxe5 Rxf3 17. gxf3 Nf7 18. Rf1 Nxe5 19. Qe4 d6 20.
Rf2 Rb8 21. Rg2 g6 22. Rg3 Bf5 23. Qd4 Bxc2 24. Bh6 c5 25. Qd5+ Nf7 26. f4
Qe1+ 27. Kg2 Be4+ 28. Kh3 Bxd5 29. Kg4 Bxc4 30. Kf3 Nxh6 31. Rh3 Qe2+ 32.
Kg3 Nf5# {White checkmated} 0-1

[Event "ICC tourney 2708 (25 5)"]
[Site "Internet Chess Club"]
[Date "2021.10.16"]
[Round "3"]
[White "Daga, Shreyansh:shreyanshdaga"]
[Black "GAW, CHRISTIAN:cman-g"]
[Result "0-1"]
[ICCResult "White checkmated"]
[WhiteElo "551"]
[BlackElo "887"]
[Opening "Ruy Lopez: closed Berlin defense, Wolf variation"]
[ECO "C48"]
[NIC "KP.03"]
[Time "14:00:21"]
[TimeControl "1500+5"]

1. e4 e5 2. Nf3 Nc6 3. Nc3 Nf6 4. Bb5 d6 5. O-O Bd7 6. d4 exd4 7. Nxd4 Nxd4
8. Bxd7+ Qxd7 9. Qxd4 Be7 10. Bg5 Qg4 11. Bxf6 Bxf6 12. e5 Qxd4 13. exf6
Qxf6 14. Rfe1+ Kf8 15. Nd5 Qxb2 16. Nxc7 Rc8 17. Nd5 Re8 18. Reb1 Qe5 19.
Ne3 Rc8 20. Rc1 Ke8 21. Re1 Kd8 22. Rab1 b5 23. Rbd1 Re8 24. Kf1 Qxh2 25. f3
Qh1+ 26. Kf2 Qh4+ 27. Kg1 Rc3 28. Nf5 Rxe1+ 29. Rxe1 Qxe1+ 30. Kh2 Rxc2 31.
Kh3 Qf2 32. Kh2 Qxg2# {White checkmated} 0-1

[Event "ICC tourney 2708 (25 5)"]
[Site "Internet Chess Club"]
[Date "2021.10.16"]
[Round "3"]
[White "MURPHY ZEDLEWSKI, JACK:K01-30079933"]
[Black "KANTEM, SAMANVI:samanvikantem"]
[Result "0-1"]
[ICCResult "White checkmated"]
[WhiteElo "542"]
[BlackElo "929"]
[Opening "Giuoco Piano"]
[ECO "C54"]
[NIC "IG.02"]
[Time "14:07:25"]
[TimeControl "1500+5"]

1. e4 e5 2. Nf3 Nc6 3. Bc4 Bc5 4. c3 Nf6 5. d4 exd4 6. cxd4 Bb4+ 7. Bd2 Nxe4
8. Bxb4 Nxb4 9. Qe2 d5 10. Bb5+ c6 11. Bd3 Nxd3+ 12. Qxd3 O-O 13. O-O Bf5
14. Ng5 Qxg5 15. f4 Qg6 16. Nd2 Nf2 17. Qg3 Ng4 18. h3 Nf6 19. Qxg6 Bxg6 20.
g4 h6 21. f5 Bh7 22. Rfe1 h5 23. Rf1 hxg4 24. hxg4 Nxg4 25. Rae1 Rfe8 26.
Rxe8+ Rxe8 27. Nf3 Bxf5 28. Kg2 Ne3+ 29. Kg1 Nxf1 30. Kxf1 Bd3+ 31. Kf2 Re2+
32. Kg3 Rxb2 33. Ne5 Be4 34. Ng4 Rg2+ 35. Kh4 f5 36. Ne5 g5+ 37. Kh5 f4 38.
a4 f3 39. a5 f2 40. a6 f1=Q 41. axb7 Qh1# {White checkmated} 0-1

[Event "ICC tourney 2708 (25 5)"]
[Site "Internet Chess Club"]
[Date "2021.10.16"]
[Round "3"]
[White "ZHENG TORGERSEN, OLIVER:K03-30051881"]
[Black "KOGAN, JONATHAN:jkshark"]
[Result "0-1"]
[ICCResult "White checkmated"]
[WhiteElo "285"]
[BlackElo "443"]
[Opening "Giuoco Piano: four knights variation"]
[ECO "C47"]
[NIC "KP.06"]
[Time "14:00:24"]
[TimeControl "1500+5"]

1. e4 e5 2. Nf3 Nc6 3. Nc3 Nf6 4. Bc4 Bc5 5. O-O O-O 6. h3 d6 7. d3 h6 8.
Nd5 Be6 9. Nxf6+ Qxf6 10. Bxe6 fxe6 11. Be3 Nd4 12. c3 Nxf3+ 13. Qxf3 Rf7
14. Qxf6 Rxf6 15. Bxc5 dxc5 16. d4 cxd4 17. cxd4 exd4 18. Rad1 Rd8 19. b4
Rf4 20. Rde1 d3 21. g3 d2 22. Rd1 Rxe4 23. f3 Re3 24. Kf2 Rdd3 25. a4 Rxf3+
26. Kg1 Rxg3+ 27. Kh2 Rxh3+ 28. Kg1 Rdg3+ 29. Kf2 Rf3+ 30. Ke2 Re3+ 31. Kxd2
Rd3+ 32. Ke2 Rde3+ 33. Kf2 Rhf3+ 34. Kg1 Re2 35. Rxf3 Kh7 36. Kf1 Rb2 37.
Rd4 Ra2 38. Rf8 Rxa4 39. Rh4 a5 40. bxa5 Rxh4 41. Rb8 Rb4 42. a6 b5 43. a7
Ra4 44. Ra8 b4 45. Rb8 Rxa7 46. Rxb4 c5 47. Re4 Rc7 48. Rxe6 c4 49. Ke1 c3
50. Kd1 h5 51. Kc2 h4 52. Re3 g5 53. Rxc3 Rxc3+ 54. Kxc3 Kg6 55. Kd3 Kf5 56.
Ke2 Kf4 57. Kf2 g4 58. Kg2 h3+ 59. Kh2 Kf3 60. Kh1 g3 61. Kg1 h2+ 62. Kh1
g2+ 63. Kxh2 Kf2 64. Kh3 g1=Q 65. Kh4 Kf3 66. Kh5 Kf4 67. Kh6 Kf5 68. Kh7
Kf6 69. Kh6 Qh1# {White checkmated} 0-1

[Event "ICC tourney 2708 (25 5)"]
[Site "Internet Chess Club"]
[Date "2021.10.16"]
[Round "3"]
[White "KALAVAKURU, SRI DIYA:dkalavakuru"]
[Black "KOKA, SAHARSH:saharsh2"]
[Result "1-0"]
[ICCResult "Black resigns"]
[WhiteElo "892"]
[BlackElo "994"]
[Opening "Four knights: Italian variation"]
[ECO "C47"]
[NIC "KP.06"]
[Time "14:00:19"]
[TimeControl "1500+5"]

1. e4 e5 2. Nf3 Nc6 3. Nc3 Nf6 4. Bc4 Be7 5. O-O O-O 6. d3 d6 7. h3 h6 8.
Be3 a6 9. a4 Be6 10. Bd5 Bxd5 11. exd5 Nb4 12. Re1 Nbxd5 13. Nxd5 Nxd5 14.
c4 Nxe3 15. Rxe3 c5 16. Qe2 b5 17. axb5 axb5 18. Rxa8 Qxa8 19. cxb5 Qa5 20.
Re4 Qxb5 21. Rg4 f5 22. Rg3 f4 23. Rg4 h5 24. Rg6 Qe8 25. Qe4 d5 26. Qxd5+
Kh8 27. Re6 Qf7 28. Nxe5 {Black resigns} 1-0

[Event "ICC tourney 2708 (25 5)"]
[Site "Internet Chess Club"]
[Date "2021.10.16"]
[Round "3"]
[White "BYSIEK, JULIANA RENEE:JulianaRenee"]
[Black "GILLMAN, JONES:JonesGill"]
[Result "0-1"]
[ICCResult "White checkmated"]
[WhiteElo "639"]
[BlackElo "1427"]
[Opening "Giuoco Piano"]
[ECO "C54"]
[NIC "IG.02"]
[Time "14:00:18"]
[TimeControl "1500+5"]

1. e4 e5 2. Nf3 Nc6 3. Bc4 Bc5 4. c3 Nf6 5. d3 O-O 6. O-O d6 7. Nbd2 Bg4 8.
h3 Bh5 9. Re1 Re8 10. Nf1 d5 11. exd5 Nxd5 12. Bxd5 Qxd5 13. c4 Qd6 14. Ng3
Bg6 15. Bg5 f6 16. Bh4 Qxd3 17. Nd2 Qd4 18. Re2 Qxh4 19. Nf3 Qxg3 20. Qd5+
Bf7 21. Qxc5 Qf4 22. Qa3 Qxc4 23. Qe3 Nd4 24. Nxd4 Qxd4 25. Qg3 Qf4 26. Qd3
Bc4 27. Qc3 Bxe2 28. Re1 Ba6 29. g3 Qc4 30. Qf3 Rad8 31. Qg2 Rd2 32. Kh1
Red8 33. Rg1 Qd4 34. Qf3 Qxf2 35. Qxf2 Rxf2 36. b4 Rdd2 37. a4 Rh2#
{White checkmated}
0-1

[Event "ICC tourney 2708 (25 5)"]
[Site "Internet Chess Club"]
[Date "2021.10.16"]
[Round "3"]
[White "ZHAO, DANSON:K01-30127679"]
[Black "ADDURI, MANSI:K03-17004388"]
[Result "1/2-1/2"]
[ICCResult "Game drawn because neither player has mating material"]
[WhiteElo "1237"]
[BlackElo "963"]
[Opening "Scandinavian (center counter) defense"]
[ECO "B01"]
[NIC "SD.02"]
[Time "14:01:11"]
[TimeControl "1500+5"]

1. e4 d5 2. exd5 Qxd5 3. Nc3 Qd8 4. Nf3 Nf6 5. d4 Bf5 6. Be3 h6 7. Bc4 e6 8.
a3 Nc6 9. Bb5 Bd6 10. O-O O-O 11. h3 Ne4 12. Bd3 Nxc3 13. bxc3 Bg6 14. Bxg6
fxg6 15. Qd3 Kh7 16. Rad1 Qf6 17. Rfe1 Rfe8 18. Qd2 Bxa3 19. Bf4 Bd6 20.
Bxd6 cxd6 21. c4 Rad8 22. d5 exd5 23. Rxe8 Rxe8 24. cxd5 Ne5 25. Nxe5 Qxe5
26. c4 Qe2 27. Qxe2 Rxe2 28. Ra1 a6 29. Rb1 Re7 30. Rb6 Rd7 31. Kf1 g5 32.
Ke2 Kg6 33. Kd3 Kf5 34. g3 h5 35. Kd4 g6 36. f3 g4 37. hxg4+ hxg4 38. f4 g5
39. fxg5 Kxg5 40. Ke3 Kf5 41. Kd3 Ke5 42. Ke3 Rf7 43. Kd3 Rf3+ 44. Ke2 Rxg3
45. Rxb7 Ra3 46. Re7+ Kd4 47. Re6 Kc5 48. Re4 g3 49. Kf1 Ra2 50. Rg4 g2+ 51.
Rxg2 Rxg2 52. Kxg2 Kxc4 53. Kf2 a5 54. Ke2 a4 55. Kd2 Kb3 56. Kc1 a3 57. Kb1
a2+ 58. Ka1 Kc4 59. Kxa2 Kxd5 60. Kb2 Kc4 61. Kc2 Kd4 62. Kd2 d5 63. Ke2 Ke4
64. Kd2 d4 65. Ke2 Ke5 66. Kd3 Kd5 67. Ke2 Kc4 68. Kd2 d3 69. Kd1 Kd4 70.
Kd2 Kc4 71. Kd1 Kc3 72. Kc1 Kd4 73. Kd2 Ke4 74. Kd1 Kf3 75. Kd2 Ke4 76. Kd1
Ke3 77. Ke1 Ke4 78. Kd2 Kd4 79. Kd1 Kc3 80. Kc1 Kb3 81. Kd2 Kb4 82. Kxd3
{Game drawn because neither player has mating material}
1/2-1/2

[Event "ICC tourney 2708 (25 5)"]
[Site "Internet Chess Club"]
[Date "2021.10.16"]
[Round "3"]
[White "Romanyuk, Nikita:NikitaR"]
[Black "MENON, DHRUV:dmenon25"]
[Result "1-0"]
[ICCResult "Black resigns"]
[WhiteElo "732"]
[BlackElo "1202"]
[Opening "Scotch game"]
[ECO "C45"]
[NIC "SO.05"]
[Time "14:00:18"]
[TimeControl "1500+5"]

1. e4 e5 2. Nf3 Nc6 3. d4 exd4 4. Nxd4 Bc5 5. Be3 Nxd4 6. Bxd4 Bxd4 7. Qxd4
Qg5 8. Nc3 d6 9. Nd5 Kd8 10. f4 Qh4+ 11. g3 Qh6 12. O-O-O Bg4 13. Rd2 a5 14.
e5 Bf3 15. Rg1 Qe6 16. exd6 Bxd5 17. Qxd5 Qe1+ 18. Rd1 Qe3+ 19. Kb1 Qe6 20.
dxc7+ Kxc7 21. Qc5+ Qc6 22. Qe5+ Kb6 23. Rd6 f6 24. Rxc6+ bxc6 25. Qd6 Re8
26. Bg2 Ne7 27. Qd4+ Kb7 28. Re1 Ng6 29. Rxe8 Rxe8 30. Qd7+ {Black resigns}
1-0

[Event "ICC tourney 2708 (25 5)"]
[Site "Internet Chess Club"]
[Date "2021.10.16"]
[Round "3"]
[White "AMBROSE FOSTER, JACK:K06-16314407"]
[Black "TSYBOVSKY, ANTHONY:K03-30024259"]
[Result "0-1"]
[ICCResult "White resigns"]
[WhiteElo "1039"]
[BlackElo "933"]
[Opening "Nimzovich-Larsen attack: modern variation"]
[ECO "A01"]
[NIC "VO.08"]
[Time "14:01:11"]
[TimeControl "1500+5"]

1. b3 e5 2. Bb2 Nc6 3. e3 d5 4. Bb5 Bf5 5. Bxc6+ bxc6 6. Bxe5 Nf6 7. Nf3 Bd6
8. Bb2 O-O 9. Ne5 Bxe5 10. Bxe5 Qe7 11. f4 Ng4 12. Bb2 Qh4+ 13. g3 Qh3 14.
Qe2 Be4 15. Rf1 Nxh2 16. Rf2 Qxg3 17. Nc3 Qg1+ 18. Rf1 Nxf1 19. Qxf1 Qxf1+
20. Kxf1 Bxc2 21. Ke2 Bf5 22. Rg1 Rfe8 23. Kf3 Be4+ 24. Nxe4 dxe4+ 25. Kf2
g6 26. Rc1 Rad8 27. Ke2 Rd6 28. Ke1 Red8 29. Rc2 Kf8 30. Ba3 Ke7 31. Bxd6+
Rxd6 32. Ke2 Ke6 33. Rc1 Kd5 34. Rh1 h5 35. f5 Kc5 36. fxg6 fxg6 37. Ra1 g5
38. Rg1 Rg6 39. d3 exd3+ 40. Kxd3 g4 41. Ke4 h4 42. Kf4 h3 43. Kg3 Kd5 44.
Rf1 Ke4 45. Re1 Rh6 46. Kxg4 h2 47. Rh1 Kxe3 48. Kg3 Kd2 49. Kg2 Rg6+ 50.
Kf3 Rh6 51. Ke4 Ke2 52. Kf4 Kf2 53. Kg4 Kg2 54. Rxh2+ Rxh2 55. Kf5 Kg1 56.
Ke6 Rxa2 57. Kd7 Rb2 58. Kxc7 Rxb3 59. Kxc6 a5 60. Kc5 a4 61. Kc4 Kf2 62.
Kc5 a3 63. Kc4 a2 64. Kxb3 a1=Q 65. Kc2 Qa3 66. Kd2 Kf3 67. Kc2 Qb4 68. Kd3
Qe4+ 69. Kd2 Qe3+ 70. Kc2 Qd4 71. Kb3 Qc5 72. Ka4 Qb6 73. Ka3 Qb5 74. Ka2
Qb4 75. Ka1 Ke3 76. Ka2 Kd3 {White resigns} 0-1

[Event "ICC tourney 2708 (25 5)"]
[Site "Internet Chess Club"]
[Date "2021.10.16"]
[Round "3"]
[White "SELVAMANI, MADHUSHAN:K03-17115543"]
[Black "GAW, ZACHARY:zman-g"]
[Result "1-0"]
[ICCResult "Black checkmated"]
[WhiteElo "1191"]
[BlackElo "946"]
[Opening "Giuoco Pianissimo"]
[ECO "C50"]
[NIC "IG.02"]
[Time "14:00:18"]
[TimeControl "1500+5"]

1. e4 e5 2. Nf3 Nc6 3. Bc4 Bc5 4. d3 Nf6 5. Bg5 h6 6. Bh4 g5 7. Bg3 d6 8. h3
Be6 9. Bxe6 fxe6 10. Nbd2 Qd7 11. Nc4 Nd4 12. Nxd4 Bxd4 13. c3 Bc5 14. a4 a5
15. Nxa5 Rxa5 16. b4 Bxb4 17. cxb4 Ra8 18. O-O Rf8 19. Qc2 Qc6 20. Qxc6+
bxc6 21. Rac1 Rxa4 22. Rxc6 Rxb4 23. Rxc7 Kd8 24. Rfc1 Rb8 25. f3 Re8 26. d4
Re7 27. Rxe7 Kxe7 28. dxe5 dxe5 29. Bxe5 Rb5 30. Bxf6+ Kxf6 31. Kh2 Rb2 32.
Rc8 e5 33. Rc6+ Kg7 34. Re6 Rb5 35. Kg3 h5 36. Re8 Kf7 37. Rh8 Kg6 38. Rg8+
Kh6 39. h4 gxh4+ 40. Kxh4 Rb1 41. Rh8+ Kg6 42. Re8 Rb5 43. Re6+ Kf7 44. Rh6
Rb1 45. Rxh5 Rh1+ 46. Kg4 Rg1 47. g3 Kg6 48. Rxe5 Kf6 49. Rf5+ Ke6 50. f4
Re1 51. e5 Rg1 52. Rf6+ Ke7 53. Rd6 Re1 54. Kf5 Re3 55. g4 Rg3 56. g5 Kf7
57. g6+ Ke7 58. Rf6 Ke8 59. Rf7 Rh3 60. Ra7 Rh5+ 61. Kg4 Rh1 62. g7 Rg1+ 63.
Kf5 Rxg7 64. Rxg7 Kf8 65. Kf6 Ke8 66. e6 Kf8 67. Ra7 Kg8 68. f5 Kh8 69. Kg6
Kg8 70. Ra8# {Black checkmated} 1-0

[Event "ICC tourney 2708 (25 5)"]
[Site "Internet Chess Club"]
[Date "2021.10.16"]
[Round "3"]
[White "SAHU, ANAY:anaychess"]
[Black "BYSIEK, SYLVIA GRACE:SylviaGrace"]
[Result "0-1"]
[ICCResult "White checkmated"]
[WhiteElo "932"]
[BlackElo "569"]
[Opening "Giuoco Piano: four knights variation"]
[ECO "C55"]
[NIC "IG.01"]
[Time "14:00:19"]
[TimeControl "1500+5"]

1. e4 e5 2. Nf3 Nc6 3. Bc4 Nf6 4. Nc3 Bc5 5. O-O O-O 6. Ng5 d6 7. Bxf7+ Rxf7
8. Nxf7 Kxf7 9. h3 Kg8 10. d3 d5 11. Bg5 h6 12. Bh4 Rb8 13. Nxd5 Be7 14.
Nxe7+ Qxe7 15. Re1 g5 16. Bg3 Qf7 17. a3 g4 18. hxg4 Bxg4 19. f3 Bh5 20. c3
Qg6 21. Bh4 Ne7 22. Bxf6 Qxf6 23. d4 Ng6 24. dxe5 Nxe5 25. Qb3+ Kh8 26. c4
Qg6 27. Rf1 Rg8 28. Rf2 Nxf3+ 29. Kf1 Nh2+ 30. Ke1 Qxe4+ 31. Kd2 Rd8+ 32.
Kc1 Qe1+ 33. Kc2 Bg6+ 34. Qd3 Bxd3+ 35. Kb3 Qxf2 36. Rd1 Qc2+ 37. Ka2 Bxc4+
38. Ka1 Rxd1# {White checkmated} 0-1

[Event "ICC tourney 2708 (25 5)"]
[Site "Internet Chess Club"]
[Date "2021.10.16"]
[Round "3"]
[White "Rajesh Kumar, Aarush:aarushrk"]
[Black "BHEEMAVARAPU, SREEKAR:K09-16737643"]
[Result "0-1"]
[ICCResult "White checkmated"]
[WhiteElo "714"]
[BlackElo "1111"]
[Opening "King's gambit"]
[ECO "C30"]
[NIC "KG.05"]
[Time "14:00:22"]
[TimeControl "1500+5"]

1. e4 e5 2. f4 d6 3. Nf3 Nc6 4. fxe5 Nxe5 5. d4 Nxf3+ 6. Qxf3 Nf6 7. e5 dxe5
8. dxe5 Nd7 9. Bf4 Bc5 10. Nc3 O-O 11. O-O-O Qe8 12. Qg3 Qe6 13. Re1 Nb6 14.
a3 Qg4 15. Bd3 Qxg3 16. hxg3 h6 17. Bxh6 gxh6 18. Rxh6 Be6 19. Bh7+ Kg7 20.
Rhh1 Rh8 21. Be4 Rxh1 22. Rxh1 Rh8 23. Rxh8 Kxh8 24. Nb5 Nd5 25. b4 Bb6 26.
a4 c6 27. Na3 Nxb4 28. c3 Nd5 29. Kc2 Kg7 30. Nc4 Ne3+ 31. Nxe3 Bxe3 32. Kd3
Bb6 33. c4 Bc5 34. a5 Kh6 35. Kc3 Kg5 36. Kd3 Kg4 37. Kc3 Kxg3 38. Kd3 Bb4
39. a6 bxa6 40. Bxc6 a5 41. Kd4 Kf4 42. c5 Kg5 43. Bb7 a4 44. c6 Ba5 45. Kc5
Bc7 46. Kb4 Kf5 47. Kxa4 Kxe5 48. Kb5 Bd5 49. g4 Kf4 50. Bc8 f6 51. Kc5 Bf3
52. Kb5 Bxg4 53. Bd7 Bxd7 54. cxd7 Bb6 55. Kc6 Ke4 56. Kb7 f5 57. Kc8 f4 58.
d8=Q Bxd8 59. Kxd8 f3 60. Kc7 f2 61. Kb7 f1=Q 62. Kxa7 Qb1 63. Ka6 Kd4 64.
Ka5 Kc4 65. Ka6 Kc5 66. Ka5 Qa1# {White checkmated} 0-1

[Event "ICC tourney 2708 (25 5)"]
[Site "Internet Chess Club"]
[Date "2021.10.16"]
[Round "4"]
[White "MENON, DHRUV:dmenon25"]
[Black "SCHEFF, HOLDEN:K05-30152348"]
[Result "1-0"]
[ICCResult "Black checkmated"]
[WhiteElo "1202"]
[BlackElo "327"]
[Opening "Giuoco Piano"]
[ECO "C54"]
[NIC "IG.02"]
[Time "15:30:16"]
[TimeControl "1500+5"]

1. e4 e5 2. Nf3 Nc6 3. Bc4 Bc5 4. c3 Nf6 5. O-O Nxe4 6. d4 exd4 7. cxd4 Bxd4
8. Nxd4 Nxd4 9. Qxd4 f5 10. Qxg7 Rf8 11. Bh6 Qe7 12. Qxe7+ Kxe7 13. Bxf8+
Kxf8 14. Nc3 Nxc3 15. bxc3 d6 16. Rfe1 Bd7 17. Rab1 b6 18. Be6 Bxe6 19. Rxe6
Re8 20. Rxe8+ Kxe8 21. Re1+ Kd7 22. f3 c5 23. g4 fxg4 24. fxg4 a5 25. c4 d5
26. cxd5 b5 27. Rb1 b4 28. Kf2 a4 29. Ke3 b3 30. axb3 axb3 31. Rxb3 c4 32.
Rc3 Kd6 33. Rxc4 Kxd5 34. Rd4+ Ke5 35. Rf4 h6 36. h4 Ke6 37. g5 hxg5 38.
hxg5 Kd6 39. g6 Kc7 40. g7 Kb7 41. g8=Q Ka7 42. Rb4 Ka6 43. Qa8#
{Black checkmated}
1-0

[Event "ICC tourney 2708 (25 5)"]
[Site "Internet Chess Club"]
[Date "2021.10.16"]
[Round "4"]
[White "VYAS, RUTAM:ruvy"]
[Black "VYAS, ANANDITA:Anavy"]
[Result "1-0"]
[ICCResult "Black checkmated"]
[WhiteElo "432"]
[BlackElo "384"]
[Opening "Giuoco Pianissimo: Italian four knights variation"]
[ECO "C46"]
[NIC "KP.06"]
[Time "15:30:18"]
[TimeControl "1500+5"]

1. e4 e5 2. Nf3 Nc6 3. Nc3 Bc5 4. Bc4 Nf6 5. d3 Bb6 6. Be3 Ng4 7. Bd5 Nxe3
8. fxe3 Qe7 9. Bxc6 bxc6 10. d4 d6 11. dxe5 dxe5 12. Qd2 Qc5 13. Rd1 Ke7 14.
Nxe5 Kf6 15. Ng4+ Kg5 16. Rf1 Kxg4 17. Rf4+ Kg5 18. Ke2 Ba6+ 19. Kf3 Kh5 20.
g4+ Kh4 21. Qf2+ Kg5 22. h4+ Kg6 23. h5+ Kg5 24. Rd5+ cxd5 25. exd5 Bb7 26.
Rf5+ Kh6 27. Kf4 Rhe8 28. g5+ Kxh5 29. Qh2+ Kg6 30. Kg4 Bc8 31. Qh5#
{Black checkmated}
1-0

[Event "ICC tourney 2708 (25 5)"]
[Site "Internet Chess Club"]
[Date "2021.10.16"]
[Round "4"]
[White "GILLMAN, JONES:JonesGill"]
[Black "ZHAO, DANSON:K01-30127679"]
[Result "1-0"]
[ICCResult "Black checkmated"]
[WhiteElo "1427"]
[BlackElo "1237"]
[Opening "Scotch gambit"]
[ECO "C44"]
[NIC "SO.06"]
[Time "15:31:08"]
[TimeControl "1500+5"]

1. e4 e5 2. Nf3 Nc6 3. d4 exd4 4. Bc4 d6 5. Nxd4 Nxd4 6. Qxd4 Nf6 7. Nc3 Be7
8. O-O O-O 9. Bg5 h6 10. Bh4 Be6 11. Bb3 Bxb3 12. axb3 Re8 13. f3 a6 14.
Rfd1 Qd7 15. e5 Nh7 16. Bxe7 Qxe7 17. exd6 cxd6 18. Nd5 Qd8 19. Nb6 Rb8 20.
Qxd6 Qxd6 21. Rxd6 Nf6 22. Rad1 Kf8 23. Rxf6 gxf6 24. Nd7+ Ke7 25. Nxb8 Rxb8
26. Kf2 Rc8 27. c3 Rc5 28. Rd4 Rb5 29. b4 Rh5 30. h3 Re5 31. Re4 Kd6 32.
Rxe5 fxe5 33. Ke3 Kd5 34. b3 b5 35. Kd3 f5 36. g4 fxg4 37. fxg4 e4+ 38. Ke3
Ke5 39. h4 Kd5 40. g5 hxg5 41. hxg5 Ke5 42. g6 Kf6 43. Kxe4 Kxg6 44. Kd5 Kf7
45. Kc6 Ke8 46. Kb6 Kd8 47. Kxa6 Kc8 48. Kxb5 Kb7 49. c4 Kc7 50. c5 Kb7 51.
c6+ Ka7 52. Kc5 Kb8 53. Kd6 Kc8 54. c7 Kb7 55. Kd7 Kb6 56. c8=Q Kb5 57. Qc5+
Ka6 58. Qc6+ Ka7 59. Qb5 Ka8 60. Kc7 Ka7 61. Qb7# {Black checkmated} 1-0

[Event "ICC tourney 2708 (25 5)"]
[Site "Internet Chess Club"]
[Date "2021.10.16"]
[Round "4"]
[White "VYAS, SOHUM:sovy"]
[Black "BYSIEK, JULIANA RENEE:JulianaRenee"]
[Result "0-1"]
[ICCResult "White checkmated"]
[WhiteElo "224"]
[BlackElo "639"]
[Opening "Giuoco Piano: four knights variation"]
[ECO "C47"]
[NIC "VG.04"]
[Time "15:30:21"]
[TimeControl "1500+5"]

1. e4 e5 2. Nc3 Nf6 3. Nf3 Nc6 4. Bc4 Bc5 5. Qe2 O-O 6. d3 d6 7. Bg5 h6 8.
O-O-O Bg4 9. h3 hxg5 10. hxg4 Nxg4 11. Qf1 Nxf2 12. Rh2 Nxd1 13. Kxd1 g4 14.
Qh1 g6 15. Rh8+ Kg7 16. Qh7+ Kf6 17. Qh5 gxf3 18. Rh6 Rh8 19. Rxg6+ fxg6 20.
Qg4 f2 21. d4 f1=Q+ 22. Bxf1 Bxd4 23. Be2 Rh5 24. Kd2 Bxc3+ 25. Kxc3 Nd4 26.
Bd1 c5 27. b4 cxb4+ 28. Kc4 Qc7+ 29. Kxb4 Qc5+ 30. Ka4 b5+ 31. Ka5 Qa3#
{White checkmated}
0-1

[Event "ICC tourney 2708 (25 5)"]
[Site "Internet Chess Club"]
[Date "2021.10.16"]
[Round "4"]
[White "KOGAN, JONATHAN:jkshark"]
[Black "Rajesh Kumar, Aarush:aarushrk"]
[Result "0-1"]
[ICCResult "White checkmated"]
[WhiteElo "443"]
[BlackElo "714"]
[Opening "King's pawn opening"]
[ECO "B07"]
[NIC "VO.17"]
[Time "15:30:14"]
[TimeControl "1500+5"]

1. e4 d6 2. d4 e5 3. dxe5 dxe5 4. Qxd8+ Kxd8 5. Nf3 Nf6 6. Nxe5 Be6 7. Nc3
Bb4 8. Bd3 Re8 9. O-O c6 10. Rd1 Kc7 11. Bf4 Kc8 12. b3 Bxc3 13. Rab1 Bxe5
14. Bxe5 Nbd7 15. Bd6 a6 16. e5 Nd5 17. c4 Nc3 18. Rdc1 Nxb1 19. Rxb1 b5 20.
Be4 Kb7 21. a4 Kb6 22. axb5 axb5 23. Kf1 Nc5 24. Bf3 Nb7 25. Ke2 Nxd6 26.
exd6 Bf5+ 27. Be4 Rxe4+ 28. Kf3 Rf4+ 29. Kxf4 Bxb1 30. Ke5 Re8+ 31. Kd4 c5+
32. Kd5 Be4# {White checkmated} 0-1

[Event "ICC tourney 2708 (25 5)"]
[Site "Internet Chess Club"]
[Date "2021.10.16"]
[Round "4"]
[White "BHEEMAVARAPU, SREEKAR:K09-16737643"]
[Black "GAW, CHRISTIAN:cman-g"]
[Result "1-0"]
[ICCResult "Black checkmated"]
[WhiteElo "1111"]
[BlackElo "887"]
[Opening "Ruy Lopez: Steinitz defense deferred (Russian defense)"]
[ECO "C79"]
[NIC "RL.12"]
[Time "15:30:15"]
[TimeControl "1500+5"]

1. e4 e5 2. Nf3 Nc6 3. Bb5 a6 4. Ba4 Nf6 5. O-O d6 6. d3 Bd7 7. Bg5 Be7 8.
Nc3 O-O 9. Bb3 h6 10. Bd2 Bg4 11. h3 Bxf3 12. Qxf3 Nd4 13. Qg3 g5 14. Rae1
Nxb3 15. axb3 Nh7 16. f4 Qd7 17. fxg5 Nxg5 18. h4 Kh8 19. hxg5 Rg8 20. Qh2
Rg6 21. Rxf7 Rf8 22. Ref1 Qe8 23. R7f5 Rxf5 24. exf5 Bxg5 25. fxg6 Bxd2 26.
Ne4 Be3+ 27. Kh1 Qxg6 28. Qg3 Qh5+ 29. Qh3 Qxh3+ 30. gxh3 Kg7 31. Kg2 Kg6
32. Rf6+ Kh5 33. Rf7 Bc1 34. Rxc7 Bxb2 35. Rxb7 Kh4 36. Ra7 Bd4 37. Rxa6 d5
38. Rxh6# {Black checkmated} 1-0